 Dungeon Crawl Stone Soup version 0.24.0-13-gcf9b319 (webtiles) character file.

Game seed: 7778201110834191546, levelgen mode: deterministic

10716 ClockworkOrrery the Fighter (level 11, -6/79 HPs)
             Began as a Gargoyle Fighter on Feb 28, 2020.
             Was a Priest of the Shining One.
             Killed from afar by a hell hog (11 damage)
             ... with a fireball
             ... on level 2 of the Abyss.
             The game lasted 00:32:14 (8964 turns).

ClockworkOrrery the Fighter (Gargoyle Fighter)      Turns: 8964, Time: 00:32:15

Health: -6/79      AC: 22    Str: 20    XL:     11   Next: 66%
Magic:  18/18      EV: 12    Int: 12    God:    the Shining One [***...]
Gold:   398        SH: 15    Dex: 13    Spells: 20/20 levels left

rFire    + . .     SeeInvis .   p - +4 flail (crush)
rCold    + . .     Gourm    .   c - +0 shield
rNeg     + + .     Faith    .   P - +0 troll leather armour
rPois    ∞         Spirit   .   m - +1 helmet
rElec    +         Reflect  +   T - scarf {rC+ rF+}
rCorr    .         Harm     .   n - +0 pair of gloves
MR       .....                  O - +2 pair of boots
Stlth    +.........             V - +4 amulet of reflection
HPRegen  0.63/turn              r - +2 ring of protection
MPRegen  0.16/turn              y - +4 ring of dexterity

@: glowing
A: negative energy resistance 1, electricity resistance, unbreathing,
petrification resistance, rot immunity, AC +8
a: Divine Shield, Renounce Religion


You were on level 2 of the Abyss.
You worshipped the Shining One.
The Shining One was most pleased with you.
You were hungry.

You visited 2 branches of the dungeon, and saw 11 of its levels.
You visited the Abyss 1 time.

You collected 528 gold pieces.
You spent 130 gold pieces at shops.

Inventory:

Hand Weapons
 p - a +4 flail of crushing (weapon)
 v - a +0 halberd of freezing
 J - a +1 dagger of protection
 M - a +5 dire flail of freezing
 Q - a +1 dagger of electrocution
Missiles
 k - 444 stones (quivered)
Armour
 c - a +0 shield (worn)
 m - a +1 helmet (worn)
 n - a +0 pair of gloves (worn)
 w - a +0 plate armour
 x - a +2 cloak of invisibility
 C - a +2 scale mail of positive energy
 L - a +0 chain mail of magic resistance
 O - a +2 pair of boots (worn)
 P - a +0 troll leather armour (worn)
 S - the -5 pair of gloves "Guqolush" {rC- MP+9 Str+5 Slay+5}
   (You found it on level 9 of the Dungeon)

   It affects your strength (+5).
   It affects your accuracy and damage with ranged weapons and melee attacks
   (+5).
   It makes you vulnerable to cold.
   It affects your magic capacity (+9).
 T - a scarf of resistance (worn)
Magical Staves
 I - an uncursed staff of fire
Jewellery
 a - an uncursed amulet of faith
 b - an uncursed ring of resist corrosion
 j - a +3 amulet of reflection
 q - an uncursed ring of protection from cold
 r - a +2 ring of protection (left hand)
 y - a +4 ring of dexterity (right hand)
 V - a +4 amulet of reflection (around neck)
Wands
 F - a wand of scattershot (6)
 K - a wand of polymorph (19)
Scrolls
 e - 3 scrolls of noise {unknown}
 h - a scroll of amnesia {unknown}
 l - 3 scrolls of magic mapping
 o - 7 scrolls of remove curse
 s - 2 scrolls of blinking
 t - 3 scrolls of fog
 B - 2 scrolls of teleportation
 U - a scroll of random uselessness {unknown}
Potions
 d - 2 potions of might
 g - a potion of ambrosia {unknown}
 i - 5 potions of curing
 u - 4 potions of cancellation {unknown}
 z - a potion of haste {unknown}
 A - a potion of brilliance {unknown}
 D - a potion of lignification {unknown}
 E - a potion of degeneration {unknown}
 H - a potion of resistance {unknown}
 N - 3 potions of heal wounds {unknown}
 R - a potion of mutation {unknown}
Comestibles
 f - 23 rations
 G - 6 chunks of flesh


   Skills:
 * Level 13.8 Fighting
 + Level 6.0 Maces & Flails
 + Level 7.1 Armour
 + Level 4.6 Dodging
 + Level 7.1 Shields
 + Level 5.0 Spellcasting


You had 20 spell levels left.
You didn't know any spells.
Your spell library was empty.

Dungeon Overview and Level Annotations

Branches:
Dungeon (10/15)            Temple (1/1) D:6            Lair (0/6) D:9
    Orc: D:9-12

Altars:
Ashenzari
Cheibriados
Dithmenos
Elyvilon
Fedhas
Gozag
Hepliaklqana
Kikubaaqudgha
Makhleb
Nemelex Xobeh
Okawaru
Qazlal
Ru
Sif Muna
Trog
Uskayaw
Vehumet
Wu Jian
Xom
Yredelemnul
Zin
The Shining One

Shops:
D:4 :   D:8 [


Innate Abilities, Weirdness & Mutations

You are resistant to torment.
Your stone body is resilient. (AC +8)
You are immune to poison.
You resist negative energy. (rN+)
You are resistant to electric shocks. (rElec)
You can survive without breathing.
You are immune to petrification.
You are immune to rotting.


Message History

A small abomination comes into view.
The starspawn tentacle completely misses you.
The hell hog closely misses you. The hell hog breathes fire at you.
The fireball explodes!
The fireball engulfs you! You resist.
* * * LOW HITPOINT WARNING * * *
The fireball engulfs the hell hog!
The hell hog resists.
The hell hog misses you.
A fire bat comes into view.
You block the fire bat's attack.
Found 23 stones.
The fire bat bites you but does no damage.
You block the fire bat's attack.
The hell hog bites you but does no damage.
The fire bat bites you but does no damage.
The hell hog breathes fire at you.
The fireball explodes!
The fireball engulfs the fire bat.
The fire bat completely resists.
The fireball engulfs the hell hog.
The hell hog resists.
The fireball engulfs you! You resist.
You die...

# #. ... . .#..##. ##
..#...##( # #
#..#...#.#...#
#.###@.....##. #
.#.#b##.#.§.. .
##..h..####.#..
#.#.h###..## #. #
#.....h.X..##. ..
#....#...##.#...
#..#....#.#.#x..####..
.. ##..#.#xh.#..##...#
# #.#. ...........#.#


You could see 2 hell hogs and a fire bat.

Vanquished Creatures
  Harold (D:7)
  A hell hog (Abyss:2)
  An orc knight (D:10)
  Pikel (D:5)
  An elephant (D:9)
  Joseph (D:7)
  2 trolls
  A hippogriff (D:9)
  A spriggan (D:7)
  12 yaks (D:9)
  Menkaure (D:7)
  A water moccasin (D:6)
  A black bear (D:9)
  A phantom (D:7)
  An ice beast (D:9)
  2 sky beasts
  2 orc warriors
  2 necrophages
  7 ogres
  A centaur (D:9)
  A small abomination (Abyss:2)
  3 crocodiles (D:9)
  4 big kobolds
  Blork the orc (D:6)
  6 bullfrogs
  A wyvern skeleton (D:9)
  2 scorpions
  9 killer bees
  2 wights (D:10)
  6 howler monkeys
  A lava snake (D:7)
  A bullfrog zombie (D:5)
  4 crimson imps
  An orc priest (D:9)
  3 jellies
  6 hounds
  Crazy Yiuf (D:6)
  A bullfrog skeleton (D:6)
  5 iguanas
  8 orc wizards
  7 worker ants
  A hound skeleton (D:4)
  11 gnolls
  11 adders
  3 shadow imps
  A white imp (Abyss:2)
  2 adder skeletons
  An adder zombie (D:6)
  4 worms
  5 dart slugs
  6 leopard geckos
  21 orcs
  5 giant cockroaches
  10 goblins
  8 hobgoblins
  21 jackals
  13 kobolds
  2 quokkas (D:3)
  7 bats
  2 frilled lizards
  2 leopard gecko skeletons (D:5)
  A quokka skeleton (D:7)
  10 rats
  A fungus (D:6)
262 creatures vanquished.

Vanquished Creatures (others)
  A ynoxinul (Abyss:2)
  3 centaurs
  A bullfrog skeleton (D:5)
  2 starspawn tentacles (Abyss:2)
7 creatures vanquished.

Grand Total: 269 creatures vanquished

Notes
Turn   | Place    | Note
-------+----------+-------------------------------------------
     0 | D:1      | ClockworkOrrery the Gargoyle Fighter began the quest for
                  | the Orb.
     0 | D:1      | Reached XP level 1. HP: 14/14 MP: 1/1
   175 | D:1      | Reached XP level 2. HP: 17/20 MP: 2/2
   177 | D:1      | Reached skill level 4 in Fighting
   337 | D:1      | Reached XP level 3. HP: 24/24 MP: 3/3
   756 | D:2      | Reached skill level 5 in Fighting
   923 | D:2      | Reached XP level 4. HP: 31/31 MP: 4/4
  1577 | D:3      | Reached skill level 6 in Fighting
  1578 | D:3      | Noticed an ogre
  1587 | D:3      | Killed an ogre
  1587 | D:3      | Reached XP level 5. HP: 37/37 MP: 5/5
  1670 | D:3      | Reached skill level 7 in Fighting
  1682 | D:3      | Reached XP level 6. HP: 35/44 MP: 6/6
  2045 | D:3      | Found a shadowy altar of Dithmenos.
  2506 | D:4      | Found Xaibaup's Book Shop.
  2659 | D:4      | Reached skill level 8 in Fighting
  2834 | D:4      | Reached XP level 7. HP: 50/50 MP: 7/7
  3145 | D:4      | Found an ornate altar of the Wu Jian Council.
  3310 | D:5      | Entered Level 5 of the Dungeon
  3325 | D:5      | Noticed Pikel
  3335 | D:5      | Killed Pikel
  3335 | D:5      | Reached skill level 10 in Fighting
  3335 | D:5      | Reached XP level 8. HP: 24/57 MP: 8/8
  3514 | D:5      | Found a snail-covered altar of Cheibriados.
  4081 | D:6      | Found a staircase to the Ecumenical Temple.
  4082 | D:6      | Noticed Blork the orc
  4090 | D:6      | Killed Blork the orc
  4090 | D:6      | Reached skill level 11 in Fighting
  4101 | Temple   | Entered the Ecumenical Temple
  4119 | Temple   | Became a worshipper of the Shining One
  4322 | D:6      | Found a basalt altar of Yredelemnul.
  4454 | D:6      | Found a shattered altar of Ashenzari.
  4813 | D:6      | Reached skill level 1 in Spellcasting
  4825 | D:6      | Reached skill level 1 in Dodging
  4849 | D:6      | Reached XP level 9. HP: 62/64 MP: 10/10
  5571 | D:6      | Found a runed translucent door.
  5572 | D:6      | Noticed Crazy Yiuf
  5584 | D:6      | Killed Crazy Yiuf
  5691 | D:7      | Noticed Harold
  5730 | D:7      | Paralysed by Harold for 2 turns
  5731 | D:7      | Found a burning altar of Makhleb.
  5747 | D:7      | Killed Harold
  5747 | D:7      | Reached skill level 12 in Fighting
  5765 | D:7      | Noticed Joseph
  5779 | D:7      | Killed Joseph
  5881 | D:7      | Reached skill level 5 in Shields
  5893 | D:7      | Reached skill level 5 in Armour
  5933 | D:7      | Reached XP level 10. HP: 71/72 MP: 14/14
  6147 | D:7      | Noticed Menkaure
  6158 | D:7      | Killed Menkaure
  6463 | D:7      | Found a white marble altar of Elyvilon.
  6693 | D:8      | Reached * piety under the Shining One
  6955 | D:8      | Found Bolowkuk's Antique Armour Shoppe.
  6958 | D:8      | Bought a pair of boots for 130 gold pieces
  7221 | D:8      | Found a shimmering blue altar of Sif Muna.
  7495 | D:9      | Reached skill level 13 in Fighting
  7521 | D:9      | Found a staircase to the Lair.
  7543 | D:9      | Noticed an elephant
  7558 | D:9      | Reached skill level 5 in Maces & Flails
  7571 | D:9      | Killed an elephant
  7600 | D:8      | Reached XP level 11. HP: 52/78 MP: 17/17
  7950 | D:9      | Got a pair of scorched gloves
  7960 | D:9      | Identified the -5 pair of gloves "Guqolush" {rC- MP+9 Str+5
                  | Slay+5} (You found it on level 9 of the Dungeon)
  8020 | D:9      | Reached ** piety under the Shining One
  8364 | D:10     | Entered Level 10 of the Dungeon
  8826 | D:10     | Noticed an orc knight
  8842 | D:10     | Killed an orc knight
  8872 | D:10     | Noticed a +5 long sword
  8875 | D:10     | Noticed an orc knight
  8875 | D:10     | Noticed an orc knight
  8876 | D:10     | Noticed a deep elf knight
  8876 | D:10     | Noticed a wizard
  8882 | D:10     | Cast into level 2 of the Abyss (a wizard)
  8923 | Abyss:2  | Noticed a hell hog
  8936 | Abyss:2  | Killed a hell hog
  8938 | Abyss:2  | Reached *** piety under the Shining One
  8938 | Abyss:2  | Reached skill level 5 in Spellcasting
  8944 | Abyss:2  | Noticed a hell hog
  8949 | Abyss:2  | Noticed a tentacled starspawn
  8954 | Abyss:2  | Noticed a hell hog
  8958 | Abyss:2  | HP: 1/79 [hell hog/fireball (14)]
  8964 | Abyss:2  | Killed from afar by a hell hog

Levels and vault maps discovered:
D:1:      minmay_arrival_diagonal_passages, layout_basic
D:2:      layout_basic
D:3:      layout_basic, nicolae_dithmenos_through_a_glass_darkly
D:4:      layout_loops_ring, kennysheep_mini, first_ration, serial_shops,
          nicolae_shop_trees
D:5:      layout_basic, overflow_temple_1_default, serial_curves,
          eino_curves_03, eino_curves_04, eino_curves_04, eino_curves_01,
          uniq_pikel
D:6:      layout_layer_cave, nicolae_ashenzari_panopticon,
          overflow_temple_1_default, minmay_temple_entry_overgrown,
          grunt_tough_drop, uniq_crazy_yiuf_cottage, uniq_blork_the_orc
D:7:      layout_rooms, nicolae_overflow_hidden_temple,
          chequers_serial_rivers_marsh, the_bakery, kennysheep_generic_room_2,
          uniq_harold, uniq_joseph, uniq_menkaure
D:8:      layout_loops_ring, serial_shops, shop, led_sif_pool
D:9:      layout_rooms, david_lair_generic
D:10:     layout_grid_maze, sword_in_stone
Temple:   eino_temple_rhombus
Abyss:2:  minivault_27, hangedman_abyss_shoalhut

Skill      XL: |  1  2  3  4  5  6  7  8  9 10 11 |
---------------+----------------------------------+-----
Fighting       | 4 5 6 7 8 10 11 12 13 | 13.8
Spellcasting   | 1 2 4 5 |  5.0
Dodging        | 1 2 3 4 |  4.6
Armour         | 5 6 7 |  7.1
Shields        | 5 6 7 |  7.1
Maces & Flails | 4 5 6 |  6.0

Action                   |  1- 3 |  4- 6 |  7- 9 | 10-12 || total
-------------------------+-------+-------+-------+-------++-------
Melee: Flail             |    50 |    84 |   256 |   419 ||   809
       Spear             |    59 |    66 |       |       ||   125
  Use: Scroll            |       |    10 |     6 |     9 ||    25
  Eat: Chunk             |       |     6 |    11 |    10 ||    27
Armor: Scale mail        |    70 |    61 |    85 |       ||   216
       Plate armour      |       |       |   138 |    68 ||   206
       Chain mail        |       |       |       |    85 ||    85
       Troll leather arm |       |       |       |    96 ||    96
Dodge: Dodged            |    39 |    46 |    70 |   152 ||   307
Block: Shield            |    53 |    66 |   151 |   344 ||   614
       Reflection        |       |       |     8 |    25 ||    33
